Map: Automaton LE

Players

soul

  • Race: Terran Terran
  • League: Grandmaster
  • Spawn Location: 3:00

Lambo - Winner!

  • Race: Zerg Zerg
  • League: Grandmaster
  • Spawn Location: 9:00

VOD

Have the link to the VOD?

Description

Time

  • Played on: Dec. 20, 2018, 10:44 a.m.
  • Length: 10:07
Show
View Real Time Build Order
Export as new Build Order

soul Terran 

Build Orders: Gas First Reaper Expand 

Get SALT Encoding   

  12  0:00  SCV  
  13  0:13  SCV  
  14  0:18  Supply Depot  
  14  0:25  SCV  
  15  0:33  Refinery  
  15  0:39  SCV  
  16  0:45  Barracks  
  16  0:52  SCV  
  17  1:04  SCV  
  18  1:16  SCV  
  19  1:33  Reaper, Orbital Command  
  20  1:45  Command Center  
  20  1:55  Factory  
  20  1:59  SCV  
  21  2:07  Refinery  
  21  2:10  Barracks Reactor  
  21  2:11  SCV  
  22  2:17  Supply Depot  
  22  2:23  SCV  
  23  2:39  SCV  
  23  2:42  Starport  
  24  2:51  SCV  
  24  2:52  Hellion x2  
  24  2:56  Marine  
  30  3:01  Orbital Command  
  30  3:04  SCV  
  31  3:16  SCV  
  34  3:23  Fusion Core  
  34  3:24  Marine  
  33  3:28  SCV  
  33  3:29  Hellion  
  33  3:31  Hellion  
  33  3:33  SCV  
  39  3:41  SCV  
  40  3:44  Starport Tech Lab  
  40  3:45  SCV  
  41  3:49  Supply Depot  
  41  3:53  SCV  
  42  3:57  SCV  
  43  4:03  Refinery  
  43  4:05  SCV  
  43  4:09  SCV  
  45  4:11  Battlecruiser  
  45  4:13  Supply Depot  
  51  4:17  SCV  
  51  4:18  Refinery  
  51  4:19  Hellion  
  54  4:33  Weapon Refit  
  54  4:35  SCV x2, Hellion  
  54  4:37  Supply Depot  
  58  4:47  SCV x2  
  60  4:56  Command Center  
  60  4:59  SCV x2  
  62  5:00  Supply Depot  
  62  5:11  SCV x2  
  64  5:15  Factory  
  64  5:16  Factory  
  64  5:23  SCV x2  
  72  5:28  Battlecruiser  
  72  5:36  SCV  
  72  5:38  Hellion  
  72  5:39  SCV, Hellion  
  78  5:44  Supply Depot  
  78  5:53  Supply Depot  
  78  6:06  SCV x2  
  78  6:07  Hellion  
  78  6:10  Factory Tech Lab x2  
  80  6:13  Armory, Supply Depot  
  80  6:15  Armory  
  80  6:18  SCV x2  
  82  6:25  Supply Depot  
  82  6:26  Supply Depot  
  82  6:30  SCV x2  
  84  6:33  Cyclone, Mag-Field Accelerator  
  84  6:36  Cyclone  
  90  6:41  Hellion  
  90  6:42  Hellion  
  90  6:45  Orbital Command  
  94  6:51  SCV  
  95  6:54  SCV  
  96  7:02  Terran Ship Weapons Level 1, Terran Vehicle And Ship Armor Level 1  
  96  7:03  SCV  
  96  7:06  Refinery  
  96  7:07  Refinery  
  97  7:08  SCV  
  97  7:10  Supply Depot, Cyclone x2  
  97  7:15  SCV x2  
  106  7:20  SCV  
  107  7:27  SCV x2  
  107  7:28  Hellion x2  
  113  7:33  SCV  
  112  7:42  SCV, Hellion, Cyclone  
  118  7:45  SCV  
  102  7:56  Hellion  
  102  7:57  SCV  
  86  8:01  SCV  
  86  8:03  Cyclone  
  86  8:04  SCV, Hellion  
  81  8:12  SCV  
  74  8:14  Cyclone  
  74  8:16  SCV  
  74  8:17  Hellion  
  74  8:19  Orbital Command  
  74  8:24  SCV  
  74  8:25  Hellion  
  72  8:28  SCV  
  62  8:35  Battlecruiser  
  62  8:36  SCV  
  62  8:39  Hellion  
  62  8:41  SCV  
  64  8:46  SCV, Cyclone  
  60  8:48  SCV  
  60  8:51  Cyclone  
  60  8:53  SCV  
  60  8:55  Hellion  
  64  8:58  SCV  
  64  9:00  Hellion  
  64  9:01  SCV  
  56  9:05  SCV  
  49  9:14  SCV  
  49  9:17  SCV, Hellion  
  34  9:42  SCV  
Show
View Real Time Build Order
Export as new Build Order

Lambo Zerg - Winner!

Build Orders: Hatch First 

Get SALT Encoding   

  12  0:00  Drone  
  13  0:12  Overlord  
  13  0:20  Drone  
  14  0:30  Drone x2  
  16  0:49  Hatchery  
  15  0:53  Drone  
  16  0:57  Drone  
  16  1:01  Drone  
  18  1:11  Extractor  
  18  1:15  Spawning Pool  
  18  1:18  Drone  
  17  1:21  Drone  
  18  1:28  Drone  
  19  1:42  Drone  
  20  1:55  Overlord  
  20  2:01  Queen x2  
  20  2:02  Zergling x4  
  26  2:10  Metabolic Boost  
  26  2:11  Drone  
  26  2:14  Drone  
  28  2:21  Drone  
  28  2:22  Drone  
  30  2:40  Hatchery  
  29  2:46  Drone  
  29  2:48  Pneumatized Carapace  
  30  2:52  Drone  
  30  2:55  Drone  
  30  2:58  Overlord  
  32  3:02  Drone  
  32  3:04  Drone  
  34  3:13  Drone x2  
  34  3:17  Drone  
  34  3:18  Drone x2  
  39  3:21  Queen  
  39  3:24  Overlord  
  39  3:26  Drone  
  42  3:30  Drone  
  43  3:38  Drone  
  44  3:42  Queen  
  44  3:43  Baneling Nest  
  44  3:46  Zergling x6  
  48  3:53  Drone  
  48  3:55  Overlord  
  50  4:00  Drone  
  50  4:02  Queen, Drone x3  
  56  4:07  Drone x2  
  58  4:11  Overlord  
  58  4:12  Queen  
  58  4:15  Overlord  
  60  4:18  Drone  
  60  4:19  Drone  
  60  4:20  Drone  
  60  4:22  Drone  
  64  4:25  Drone x2  
  66  4:34  Roach Warren, Extractor  
  66  4:35  Lair, Extractor  
  66  4:36  Drone  
  64  4:41  Zergling x4  
  64  4:42  Drone  
  64  4:43  Drone  
  64  4:44  Drone x2  
  69  4:49  Queen  
  71  4:52  Queen  
  71  4:55  Drone x2  
  71  4:58  Drone x3  
  78  5:02  Spore Crawler, Drone  
  78  5:03  Drone  
  78  5:04  Drone  
  78  5:06  Extractor  
  79  5:10  Evolution Chamber  
  79  5:12  Overlord  
  78  5:14  Overlord  
  78  5:20  Roach  
  80  5:27  Queen  
  81  5:31  Overlord  
  81  5:33  Overlord  
  77  5:39  Overlord  
  77  5:40  Roach  
  77  5:41  Roach x3  
  83  5:49  Roach x3  
  89  5:52  Glial Reconstitution  
  89  5:55  Queen  
  91  5:58  Spore Crawler  
  91  6:01  Roach x2  
  92  6:05  Queen  
  92  6:10  Queen  
  96  6:15  Roach x3  
  102  6:26  Roach x4  
  102  6:29  Overlord  
  102  6:31  Roach  
  112  6:36  Spore Crawler  
  111  6:41  Roach x4  
  111  6:45  Queen  
  121  6:55  Overlord x2  
  121  6:58  Overlord  
  118  7:02  Overlord  
  118  7:06  Overlord  
  118  7:12  Overlord  
  118  7:13  Queen  
  120  7:16  Queen  
  120  7:21  Ravager x7, Zergling x6  
  120  7:22  Zergling x2  
  133  7:25  Roach  
  133  7:27  Zergling x4  
  137  7:33  Zergling x12  
  140  7:49  Roach x2  
  137  8:05  Roach x8  
  135  8:14  Spire  
  135  8:15  Extractor  
  116  8:31  Zergling x16  
  102  8:49  Drone  
  102  8:51  Drone x2  
  102  8:52  Drone  
  98  8:56  Drone x2  
  98  8:58  Queen x2  
  99  9:03  Drone  
  97  9:15  Drone x5  
  83  9:27  Corruptor x3  
  77  9:32  Corruptor x6  
  77  9:34  Extractor  
Tags
 
Add a new tag
Caveats
  • Supply blocks, unpowered buildings, or Contaminate may cause inaccurate times.
  • Supply counts are checked every 10 seconds.